 Dungeon Crawl Stone Soup version 0.24-a0-653-g3936067ed8 (webtiles) character file.

Game seed: 1516217283196164644, levelgen mode: deterministic

102 Kohma the Shield-Bearer (level 5, -1/41 HPs)
             Began as a Formicid Fighter on Sept 27, 2019.
             Slain by an ice beast (9 damage)
             ... on level 3 of the Dungeon.
             The game lasted 00:04:26 (1910 turns).

Kohma the Shield-Bearer (Formicid Fighter)          Turns: 1910, Time: 00:04:27

Health: -1/41      AC:  6    Str: 21    XL:     5   Next: 5%
Magic:  5/5        EV:  8    Int:  8    God:
Gold:   149        SH:  9    Dex: 10    Spells: 4/4 levels left

rFire    . . .     SeeInvis +   a - +0 long sword
rCold    . . .     Gourm    .   c - +0 shield
rNeg     . . .     Faith    .   b - +0 scale mail
rPois    .         Spirit   .   (helmet unavailable)
rElec    .         Reflect  .   (no cloak)
rCorr    .         Harm     .   (no gloves)
MR       .....                  (no boots)
Stlth    ..........             (no amulet)
HPRegen  0.13/turn              (no ring)
MPRegen  0.09/turn              (no ring)

@: no status effects
A: permanent stasis, dig shafts and tunnels, four strong arms, antennae 3
a: Dig, Shaft Self


You were on level 3 of the Dungeon.
You were very hungry.

You visited 1 branch of the dungeon, and saw 3 of its levels.

You collected 149 gold pieces.

Inventory:

Hand Weapons
 a - a +0 long sword (weapon)
Missiles
 g - 7 atropa-tipped darts (quivered)
 k - 29 stones
 m - 3 datura-tipped darts
Armour
 b - a +0 scale mail (worn)
 c - a +0 shield (worn)
Scrolls
 i - 2 scrolls of identify {unknown}
 n - a scroll of noise {unknown}
 o - a scroll of fear {unknown}
Potions
 d - a potion of might
 e - 2 potions of flight {unknown}
 h - 2 potions of agility {unknown}
 j - a potion of curing {unknown}
 l - a potion of brilliance {unknown}
 p - a potion of degeneration {unknown}
Comestibles
 f - 3 rations


   Skills:
 - Level 3.2 Fighting
 * Level 4.1 Long Blades
 - Level 3.2 Armour
 + Level 4.7 Shields


You had 4 spell levels left.
You didn't know any spells.
Your spell library was empty.

Dungeon Overview and Level Annotations

Branches:
Dungeon (3/15)

Altars:


Innate Abilities, Weirdness & Mutations

You cannot be hasted, slowed, berserked, paralysed or teleported.
You can dig through walls and to a lower floor.
Your four strong arms can wield two-handed weapons with a shield.
You have a pair of large antennae on your head. (SInv)


Message History

The ice beast hits you. The ice beast freezes you!
You hit the ice beast.
The ice beast is moderately wounded.
The ice beast hits you. The ice beast freezes you!
* * * LOW HITPOINT WARNING * * *
You are too injured to fight recklessly!
You are too injured to fight recklessly!
You are too injured to fight recklessly!
You are too injured to fight recklessly!
Throwing (i - inventory. (/) - cycle)
g - 8 atropa-tipped darts (quivered)
Press: ? - help, Shift-Dir - straight line, f - ice beast
Aim: an ice beast (moderately wounded, chance to blind on hit: 27%)
You throw an atropa-tipped dart.
The atropa-tipped dart hits the ice beast.
The ice beast appears confused.
The ice beast is moderately wounded.
The ice beast hits you.
* * * LOW HITPOINT WARNING * * *
The ice beast freezes you!
You die...

#......[......##
###.......#
..........##...#
.....?...#
##.......###...###
#..(....#
##.....##.......#
#.......#
##...#.........# #...#
#####.#.......# #...# .
#........#######...##.##
#..#.....##...รท.........
..........@Yo..).........
.##.####..##o<........###
#. #..#######...#.# #
....# #...#.# ###.##
#...# # #.# #...# #.
#...# #. ##.## ..


You could see an ice beast (confused) and 2 orcs.

Vanquished Creatures
  An orc priest (D:3)
  2 adders
  An ooze (D:1)
  2 leopard geckos
  4 giant cockroaches
  5 goblins
  7 hobgoblins
  4 jackals (D:3)
  4 bats
  A frilled lizard (D:2)
  11 kobolds
  3 rats
45 creatures vanquished.

Notes
Turn   | Place    | Note
-------+----------+-------------------------------------------
     0 | D:1      | Kohma the Formicid Fighter began the quest for the Orb.
     0 | D:1      | Reached XP level 1. HP: 18/18 MP: 1/1
   106 | D:1      | Reached XP level 2. HP: 20/24 MP: 2/2
   405 | D:1      | Reached XP level 3. HP: 29/29 MP: 3/3
  1364 | D:2      | Reached XP level 4. HP: 31/35 MP: 4/4
  1639 | D:3      | Reached XP level 5. HP: 9/41 MP: 5/5
  1895 | D:3      | Noticed an ice beast
  1910 | D:3      | Slain by an ice beast

Levels and vault maps discovered:
D:1:      lemuel_arrival_rhombus, layout_loops_cross
D:2:      layout_loops_ring
D:3:      layout_loops_cross, minitemple

Skill      XL: |  1  2  3  4 |
---------------+-------------+-----
Shields        | 4 |  4.7
Long Blades    | 3 4 |  4.1
Fighting       | |  3.2
Armour         | |  3.2

Action                   |  1- 3 |  4- 6 || total
-------------------------+-------+-------++-------
Melee: Long sword        |   110 |    49 ||   159
Throw: Dart              |       |     1 ||     1
  Eat: Chunk             |     1 |     1 ||     2
Armor: Scale mail        |    43 |    17 ||    60
Dodge: Dodged            |    36 |    14 ||    50
Block: Shield            |    68 |    23 ||    91
       Rpst.: Long sword |    10 |     4 ||    14

Table legend:
 A = Non-vault XP
 B = Vault XP
 C = Vault XP percentage of total XP
 D = Non-vault monster count
 E = Vault monster count
 F = Vault count percentage of total count
                 A         B        C        D         E       F
            +---------+---------+-------+---------+---------+-------
      Total |     146 |       0 |   0.0 |      45 |       0 |   0.0
            +---------+---------+-------+---------+---------+-------
        D:1 |      29 |       0 |   0.0 |      14 |       0 |   0.0
        D:2 |      44 |       0 |   0.0 |      20 |       0 |   0.0
        D:3 |      73 |       0 |   0.0 |      11 |       0 |   0.0
            +---------+---------+-------+---------+---------+-------
